 Dungeon Crawl Stone Soup version 0.30-a0-140-gd1020e658a (webtiles) character file.

Game seed: 8127231223507774918

84 BlueGoblin the Magician (level 4, 0/31 HPs)
             Began as a Djinni Necromancer on Sept 24, 2022.
             Slain by an adder (4 damage)
             ... on level 2 of the Dungeon.
             The game lasted 00:02:16 (2251 turns).

BlueGoblin the Magician (Djinni Necromancer)        Turns: 2251, Time: 00:02:17

Health: 0/31       AC:  2    Str:  7    XL:     4   Next: 72%
Gold:   38         EV: 12    Int: 19    God:
                   SH:  0    Dex: 13

rFire   + + .      SeeInvis .    h - +0 dagger (venom)
rCold   x . .      Faith    .    (no shield)
rNeg    . . .      Spirit   .    a - +0 robe
rPois   ∞          Reflect  .    (no helmet)
rElec   .          Harm     .    (no cloak)
rCorr   .          Rampage  .    (no gloves)
Will    .....                    (boots unavailable)
Stlth   ++........               (no amulet)
HPRegen 0.10/turn                (no ring)
MPRegen 0.00/turn                (no ring)

@: attractive, flying
A: sickness immunity, fire resistance 2, cold vulnerability 1, float, innate
caster, HP casting, extra vitality 1
a: no special abilities


You were on level 2 of the Dungeon.
You visited 1 branch of the dungeon, and saw 2 of its levels.

You collected 38 gold pieces.

Inventory:

Hand Weapons
 e - a +0 short sword
 h - a +0 dagger of venom (weapon)
Armour
 a - a +0 robe (worn)
Scrolls
 d - 2 scrolls of identify {unknown}
 f - a scroll of butterflies {unknown}
Potions
 b - 2 potions of attraction
 c - 2 potions of curing {unknown}
 g - a potion of ambrosia {unknown}


   Skills:
 + Level 0.1 Fighting
 + Level 2.5 Dodging
 - Level 1.5 Stealth
 + Level 4.4 Spellcasting


You couldn't memorise any spells.
You knew the following spells:

 Your Spells              Type           Power      Damage    Failure   Level
a - Necrotise             Necr           84%        1d8       2%          1
b - Vampiric Draining     Necr           21%        2d7       6%          3
c - Animate Dead          Necr           21%        N/A       22%         4
d - Agony                 Necr           21%        N/A       52%         5
e - Shock                 Conj/Air       84%        1d8       2%          1
Your spell library was empty.

Dungeon Overview and Level Annotations

Branches:
Dungeon (2/15)

Altars:


Innate Abilities, Weirdness & Mutations

You are immune to sickness and miasma.
You are immune to poison.
Your flesh is very heat resistant. (rF++)
You are vulnerable to cold. (rC-)
You float through the air rather than walking.
You learn spells naturally, not from books.
Your magical power is your life essence.
You have superior vitality. (+4 MHP)


Message History

The adder bites your bat skeleton.
Your bat skeleton is destroyed!
The orc wizard casts a spell at you. You resist with some effort.
The orc wizard barely resists.
The orc wizard casts a spell at you. The magic dart hits you!
The orc barely misses you.
You hit the orc wizard.
The orc wizard is poisoned.
The orc wizard is lightly wounded.
The adder bites your goblin skeleton.
Your goblin skeleton is destroyed!
The orc wizard hits you with a +0 dagger.
The orc hits you with a +0 club.
You hit the orc wizard.
The orc wizard looks as sick as possible!
The orc wizard is moderately wounded.
The orc wizard closely misses you. The adder closely misses you.
The orc closely misses you.
You hit the orc wizard but do no damage.
The orc wizard looks as sick as possible!
The orc wizard is heavily wounded.
The adder closely misses you.
The orc wizard hits you with a +0 dagger.
The orc closely misses you.
You are too injured to fight recklessly!
You are too injured to fight recklessly!
You are too injured to fight recklessly!
Unknown command.
The orc wizard attacks as you move away!
The orc wizard barely misses you.
You kill the orc wizard!
The orc hits you with a +0 club.
* * * LOW HITPOINT WARNING * * *
The adder attacks as you move away! The adder barely misses you.
The orc hits you with a +0 club.
* * * LOW HITPOINT WARNING * * *
It was a potion of attraction.
You feel attractive to monsters. The adder barely misses you.
The adder bites you.
You die...

..............####...#
....#.###..........#.##..
####†.# #.###............
##..## #.# #.##....####.
##..## .... #. #....#
(..###..###.##.#†#....# #
.##....# #....#.####...#
....#### #....)oS......#
#.### #.####@#....### ..#
#.#....... ### ..#......#
# #..##.#.#.# #... ...# .
...( #### ##.. #.## ##
#.. ...


You could see an adder and an orc.

Vanquished Creatures
  An orc wizard (D:2)
  An adder (D:2)
  A worm (D:2)
  An orc (D:2)
  3 ball pythons
  4 bats (D:2)
  4 endoplasms (D:1)
  5 giant cockroaches
  3 goblins
  4 hobgoblins
  5 kobolds
  2 quokkas (D:1)
  3 frilled lizards
  5 rats (D:1)
42 creatures vanquished.

Vanquished Creatures (collateral kills)
  A ball python (D:2)
  A bat (D:1)
2 creatures vanquished.

Grand Total: 44 creatures vanquished

Notes
Turn   | Place    | Note
-------+----------+-------------------------------------------
     0 | D:1      | BlueGoblin the Djinni Necromancer began the quest for the
                  | Orb.
     0 | D:1      | BlueGoblin set off with the following spells memorised:
                  | Necrotise, Vampiric Draining, Animate Dead, Agony.
     0 | D:1      | Reached XP level 1. HP: 15/15 MP: 0/0
   169 | D:1      | Reached XP level 2. HP: 13/21 MP: 0/0
   670 | D:1      | Reached XP level 3. HP: 13/25 MP: 0/0
   670 | D:1      | Learned a level 1 spell: Shock
  1592 | D:2      | Reached skill level 4 in Spellcasting
  2141 | D:2      | Reached XP level 4. HP: 23/31 MP: 0/0
  2251 | D:2      | Slain by an adder

Illustrated notes

Levels and vault maps discovered:
D:1:      mainiacjoe_arrival_reflecting_pool, layout_basic
D:2:      layout_rooms, basic_altar, ebering_ecumenical_altar_webs,
          minmay_pentomino_q4, uniq_sigmund

Skill      XL: |  1  2  3 |
---------------+----------+-----
Spellcasting   | 4 |  4.4
Fighting       | |  0.1
Dodging        | |  2.5
Stealth        | |  1.5

Action                   |  1- 3 |  4- 6 || total
-------------------------+-------+-------++-------
Melee: Unarmed           |    17 |       ||    17
       Short sword       |    12 |       ||    12
       Dagger            |       |     7 ||     7
 Cast: Necrotise         |    76 |     3 ||    79
  Use: Potion            |       |     1 ||     1
 Stab: Sleeping          |     1 |       ||     1
Armor: Robe              |    19 |       ||    19
Dodge: Dodged            |    42 |    12 ||    54

Table legend: (Time is in decaauts)
 A = Elapsed time spent in this place.
 B = Non-inter-level travel time spent in this place.
 C = Inter-level travel time spent in this place.
 D = Time resting spent in this place.
 E = Time spent auto-exploring this place.
 F = Levels seen in this place.
 G = Mean time per level.
                   A        B        C        D        E       F      G
               +--------+--------+--------+--------+--------+-----+--------+
         Total |   2250 |   2222 |     28 |    159 |   1797 |   2 | 1125.0 |
       Dungeon |   2250 |   2222 |     28 |    159 |   1797 |   2 | 1125.0 |
               +--------+--------+--------+--------+--------+-----+--------+

Top non-repeatable levels by time:
     D:1: 1567 daAuts
     D:2: 683 daAuts
